 Dungeon Crawl Stone Soup version 0.17-a0-764-gd40c196 (console) character file.

724 sose the Grappler (level 7, -5/55 (57) HPs)
             Began as a Ghoul Monk on Apr 23, 2015.
             Slain by an iguana (7 damage)
             ... on level 6 of the Dungeon.
             The game lasted 00:05:34 (3405 turns).

sose the Grappler (Ghoul Monk)                      Turns: 3405, Time: 00:05:34

HP:   -5/55 (57)    AC:  3    Str: 15    XL:     7   Next: 71%
MP:   6/6           EV: 12    Int:  7    God:
Gold: 246           SH:  0    Dex: 11    Spells: 1 memorised, 3 levels left

rFire  . . .     SeeInvis .       - Unarmed
rCold  + . .     Clarity  .     a - +0 robe
rNeg   + + +     SustAb   .     (no shield)
rPois  ∞         Gourm    .     (no helmet)
rElec  .         Spirit   .     (no cloak)
rCorr  .         Warding  .     (no gloves)
rMut   .         Rnd*Tele +     c - +0 pair of boots
MR     .....                    (no amulet)
Stlth  ++........               (no ring)
                                j - ring of teleportation (curse)

@: rotting, not resistant to hostile enchantments, unstealthy
A: rotting body, claws 1, carnivore 3, cold resistance 1, negative energy
resistance 3, slow healing 1, torment resistance, unbreathing
a: Evoke Teleportation


You were on level 6 of the Dungeon.
You were not hungry.

You visited 1 branch of the dungeon, and saw 5 of its levels.

You collected 246 gold pieces.

Inventory:

Armour
 a - a +0 robe (worn)
 c - a +0 pair of boots (worn)
Jewellery
 j - a cursed ring of teleportation (left claw)
Magical devices
 m - a wand of cold (5)
Scrolls
 b - a scroll of magic mapping {unknown}
 e - a scroll of immolation {unknown}
 f - a scroll of fog {unknown}
 k - 6 scrolls of remove curse {unknown}
 l - a scroll of recharging {unknown}
 n - a scroll of identify {unknown}
 q - 2 scrolls of enchant armour {unknown}
Potions
 d - 4 potions of curing {unknown}
 g - 3 potions of agility {unknown}
 h - 2 potions of might
 o - a potion of restore abilities {unknown}
 r - a potion of heal wounds {unknown}
Books
 p - a book of Necromancy

   Spells                             Type                      Level
   a - Pain                           Necromancy                   1
   b - Animate Skeleton               Necromancy                   1
   c - Vampiric Draining              Necromancy                   3
   d - Regeneration                   Charms/Necromancy            3
   e - Animate Dead                   Necromancy                   4
   f - Control Undead                 Necromancy                   4
Comestibles
 i - a slice of pizza


   Skills:
 - Level 3.2 Fighting
 - Level 2.6 Dodging
 - Level 2.1 Stealth
 + Level 10.0 Unarmed Combat


You had 3 spell levels left.
You knew the following spells:

 Your Spells              Type           Power        Failure   Level  Hunger
a - Regeneration          Chrm/Necr      #.........   96%         3    ####...


Dungeon Overview and Level Annotations

Branches:
Dungeon (6/15)
 Temple: D:4-7

Altars:
Sif Muna
Xom


Innate Abilities, Weirdness & Mutations

Your body is rotting away.
You thrive on raw meat.
You are immune to poison.
You have sharp fingernails.
You are carnivorous and can eat meat at any time.
Your flesh is cold resistant.
You are immune to negative energy.
You heal slowly when monsters are visible.
You are immune to unholy pain and torment.
You can survive without breathing.


Message History

There is an open door here.
An iguana and a giant frog come into view.
The iguana moves out of view.
The giant frog croaks.
A giant newt comes into view.
The giant frog hits you!
You claw the giant frog!
The giant frog begins to bleed from its wounds!
The giant frog is heavily wounded.
The giant frog hits you.
You completely miss the giant frog.
The giant frog is heavily wounded.
The giant frog hits you!
* * * LOW HITPOINT WARNING * * *
You closely miss the giant frog.
The giant frog is heavily wounded.
The giant frog hits you.
* * * LOW HITPOINT WARNING * * *
The iguana bites you!
You die...

##..###.###.###.#####
............#....#
............'....#
###.###+###.########
#+# #.###.#####..#
#.......'....#
#.......#....#
+.......#....#
#+###.####@.## #.#
#Fl# ... ..... ....
..l.....
##'###..###..# . #..#
..# ...+ . ...# ..#


You could see a giant frog (bleeding), an iguana and a giant newt.

Vanquished Creatures
  Grinder (D:3)
  A phantom (D:4)
  An ogre (D:3)
  An orc wizard (D:3)
  The ghost of Lokkij the Vexing, a weakling VSEn of Dithmenos (D:3)
  2 orc priests (D:6)
  Ijyb (D:3)
  Natasha (D:3)
  A worker ant (D:4)
  Robin (D:2)
  6 adders
  An ooze (D:2)
  A worm (D:2)
  2 giant geckos (D:1)
  6 orcs
  5 ball pythons
  3 giant cockroaches
  10 hobgoblins
  4 kobolds
  A quokka (D:3)
  6 bats
  10 giant newts
  14 goblins
  10 jackals
  11 rats
101 creatures vanquished.

Notes
Turn   | Place    | Note
--------------------------------------------------------------
     0 | D:1      | sose, the Ghoul Monk, began the quest for the Orb.
     0 | D:1      | Reached XP level 1. HP: 19/19 MP: 0/0
   123 | D:1      | Reached XP level 2. HP: 20/25 MP: 1/1
   136 | D:1      | Reached skill level 5 in Unarmed Combat
   708 | D:1      | Reached XP level 3. HP: 28/28 MP: 2/2
  1249 | D:2      | Found a deep blue altar of Sif Muna.
  1308 | D:2      | Found a shimmering altar of Xom.
  1419 | D:2      | Reached skill level 6 in Unarmed Combat
  1419 | D:2      | Reached XP level 4. HP: 35/35 MP: 3/3
  1431 | D:2      | Noticed Robin
  1463 | D:2      | Killed Robin
  2007 | D:3      | Reached skill level 7 in Unarmed Combat
  2007 | D:3      | Reached XP level 5. HP: 14/45 MP: 4/4
  2057 | D:3      | Noticed Lokkij's ghost (weakling VSEn)
  2072 | D:3      | Killed Lokkij's ghost
  2116 | D:3      | Noticed Ijyb
  2132 | D:3      | Killed Ijyb
  2145 | D:3      | Reached XP level 6. HP: 39/51 MP: 5/5
  2246 | D:3      | Learned a level 3 spell: Regeneration
  2274 | D:3      | Noticed Grinder
  2286 | D:3      | Paralysed by Grinder for 5 turns
  2305 | D:3      | Killed Grinder
  2305 | D:3      | Reached skill level 8 in Unarmed Combat
  2305 | D:3      | Reached XP level 7. HP: 44/56 MP: 6/6
  2540 | D:3      | Reached skill level 9 in Unarmed Combat
  2681 | D:3      | Noticed Natasha
  2689 | D:3      | Killed Natasha
  3237 | D:4      | You fall through a shaft for 2 floors!
  3320 | D:6      | Reached skill level 10 in Unarmed Combat
  3405 | D:6      | HP: 2/55 [giant frog (6)]
  3405 | D:6      | Slain by an iguana

Action                   |  1- 3 |  4- 6 |  7- 9 || total
-------------------------+-------+-------+-------++-------
Melee: Unarmed           |    88 |   155 |    65 ||   308
 Stab: Sleeping          |     3 |     1 |     2 ||     6
  Eat: Chunk             |     3 |    15 |     3 ||    21
       Meat ration       |       |       |     1 ||     1
